 Dungeon Crawl Stone Soup version 0.28-a0-1518-gbe868bca14 (webtiles) character file.

Game seed: 1751030962428830185

187 knot the Chopper (level 5, 7/41 HPs)
             Began as a Demonspawn Berserker on Jan 17, 2022.
             Was a Priest of Trog.
             Quit the game on level 3 of the Dungeon.
             The game lasted 00:02:10 (2145 turns).

knot the Chopper (Demonspawn Berserker)             Turns: 2145, Time: 00:02:11

Health: 7/41       AC:  8    Str: 17    XL:     5   Next: 39%
Magic:  5/5        EV: 11    Int: 11    God:    Trog [***...]
Gold:   109        SH:  0    Dex: 12    Spells: 4/4 levels left

rFire   . . .      SeeInvis .   o - +0 war axe
rCold   . . .      Faith    .   (no shield)
rNeg    . . .      Spirit   .   l - +0 ring mail
rPois   +          Reflect  .   h - +1 hat
rElec   .          Harm     .   (no cloak)
rCorr   .          Rampage  .   (no gloves)
Will    .....                   (no boots)
Stlth   +.........              (no amulet)
HPRegen 2.13/turn               k - ring of poison resistance
MPRegen 0.09/turn               (no ring)

@: no status effects
A: yellow scales 1, powered by death 2
a: Renounce Religion, Berserk, Trog's Hand


You were on level 3 of the Dungeon.
You worshipped Trog.
Trog was most pleased with you.
You visited 1 branch of the dungeon, and saw 3 of its levels.

You collected 109 gold pieces.

Inventory:

Hand Weapons
 o - a +0 war axe (weapon)
Missiles
 d - 5 boomerangs (quivered)
 f - 37 stones
Armour
 h - a +1 hat (worn)
 l - a +0 ring mail (worn)
Jewellery
 k - a ring of poison resistance (left hand)
 p - a ring of flight
Scrolls
 b - 2 scrolls of identify {unknown}
 c - 2 scrolls of immolation {unknown}
 n - a scroll of enchant weapon {unknown}
Potions
 a - a potion of might {unknown}
 e - a potion of curing {unknown}
 g - a potion of invisibility {unknown}
 i - a potion of haste {unknown}
 j - a potion of ambrosia {unknown}
 m - a potion of attraction {unknown}


   Skills:
 - Level 3.0 Fighting
 + Level 5.6 Axes
 - Level 1.7 Armour
 - Level 1.7 Dodging


You had 4 spell levels left.
You didn't know any spells.
Your spell library contained the following spells:

 Spells                   Type           Power      Damage    Failure   Level
 Summon Small Mammal      Summ           0%         N/A       54%         1
 Call Canine Familiar     Summ           0%         N/A       88%         3
 Portal Projectile        Hex/Tloc       0%         N/A       88%         3
 Summon Guardian Golem    Hex/Summ       0%         N/A       88%         3
 Blade Hands              Tmut           0%         N/A       100%        5
 Excruciating Wounds      Necr           0%         N/A       100%        5


Dungeon Overview and Level Annotations

Branches:
Dungeon (3/15)

Altars:
Gozag

Shops:
D:3 !


Innate Abilities, Weirdness & Mutations

You are partially covered in yellow scales. (AC +2)
You regenerate health from kills.


Message History

The phantom is moderately damaged.
The phantom hits you but does no damage.
You hit the phantom.
The phantom is severely damaged.
The phantom hits you but does no damage.
You completely miss the phantom.
The phantom is severely damaged.
The phantom hits you but does no damage.
The phantom hits you.
The phantom blinks!
You blink.
You hit the phantom but do no damage.
The phantom is heavily damaged.
The phantom closely misses you.
You closely miss the phantom.
The phantom is heavily damaged.
The phantom hits you.
You are too injured to fight recklessly!
You are too injured to fight recklessly!
You are too injured to fight recklessly!
You are too injured to fight recklessly!
You are too injured to fight recklessly!
You are too injured to fight recklessly!
You are too injured to fight recklessly!
You are too injured to fight recklessly!
You slash the phantom!
The phantom is almost destroyed.
The phantom hits you!
* * * LOW HITPOINT WARNING * * *
The phantom blinks!
You blink.
The phantom closely misses you.
You closely miss the phantom. Your punch misses the phantom.
The phantom is almost destroyed.
The phantom hits you.
* * * LOW HITPOINT WARNING * * *
The phantom blinks!
You blink.
You hit the phantom.
You destroy the phantom!
Trog accepts your kill.
You have reached level 5!
Your demonic ancestry asserts itself...
Yellow scales grow over part of your body.
Are you sure you want to abandon this character and quit the game? (Confirm with "yes".)

#.#.#.###.# #.#.#.#
#.# #.#.#.# #.#
#.#.#.# #.# #.###.#
#.# # #.# #.#
#.#.###.###
#.#............
####..@..#(#######
#.....ยง...........
########.$........
###.####### ###


There were no monsters in sight!

Vanquished Creatures
  A phantom (D:3)
  3 adders
  2 worms (D:2)
  2 dart slugs (D:1)
  An orc (D:3)
  2 bats (D:2)
  8 endoplasms
  4 giant cockroaches
  7 goblins
  7 hobgoblins
  10 jackals
  A quokka (D:1)
  3 ball pythons
  9 frilled lizards
  7 kobolds
  8 rats
75 creatures vanquished.

Notes
Turn   | Place    | Note
-------+----------+-------------------------------------------
     0 | D:1      | knot the Demonspawn Berserker began the quest for the Orb.
     0 | D:1      | Reached XP level 1. HP: 18/18 MP: 1/1
     2 | D:1      | Noticed an ogre
     2 | D:1      | Noticed a formicid
     4 | D:1      | Noticed a spriggan
     4 | D:1      | Noticed a demigod
     6 | D:1      | Noticed a tengu
     8 | D:1      | Noticed a naga
     8 | D:1      | Noticed a ghoul
    10 | D:1      | Noticed a human
    12 | D:1      | Noticed a vampire
    12 | D:1      | Noticed an octopode
    14 | D:1      | Noticed a minotaur
    16 | D:1      | Noticed a dwarf
    16 | D:1      | Noticed a gargoyle
    20 | D:1      | Noticed a draconian
    20 | D:1      | Noticed a merfolk
    22 | D:1      | Noticed a felid
    22 | D:1      | Noticed a vine stalker
    24 | D:1      | Noticed a troll
    24 | D:1      | Noticed a demonspawn
    26 | D:1      | Noticed an elf
    39 | D:1      | Reached skill level 3 in Axes
    42 | D:1      | Gained mutation: You regenerate a little health from kills.
                  | [demonic ancestry]
    42 | D:1      | Reached XP level 2. HP: 19/24 MP: 2/2
   195 | D:1      | Found a faded altar of an unknown god.
   541 | D:1      | Reached ** piety under Trog
   620 | D:1      | Reached XP level 3. HP: 29/29 MP: 3/3
  1155 | D:2      | Reached skill level 4 in Axes
  1263 | D:2      | Gained mutation: You regenerate health from kills. [demonic
                  | ancestry]
  1263 | D:2      | Reached XP level 4. HP: 35/35 MP: 4/4
  1895 | D:3      | Found an opulent altar of Gozag.
  1915 | D:3      | Found Cuvean's Distillery.
  2036 | D:3      | Reached skill level 5 in Axes
  2102 | D:3      | Reached *** piety under Trog
  2125 | D:3      | Noticed a phantom
  2144 | D:3      | Killed a phantom
  2145 | D:3      | Gained mutation: You are partially covered in yellow
                  | scales. (AC +2) [demonic ancestry]
  2145 | D:3      | Reached XP level 5. HP: 7/41 MP: 5/5
  2145 | D:3      | Quit the game

Illustrated notes

Levels and vault maps discovered:
D:1:      kb_arrival_jail, layout_basic, hellmonk_ecumenical_altar_dog_temple
D:2:      layout_rooms, kennysheep_decorative_pillar, minmay_misc_feat_hallway
D:3:      layout_basic, mainiacjoe_overflow_small_starburst,
          mainiacjoe_overflow_chevrons,
          mainiacjoe_overflow_concentric_impassable, serial_shops, shop,
          nicolae_underground_beach, uniq_natasha

Skill      XL: |  1  2  3  4 |
---------------+-------------+-----
Axes           | 3 4 5 |  5.6
Fighting       | |  3.0
Armour         | |  1.7
Dodging        | |  1.7

Action                   |  1- 3 |  4- 6 || total
-------------------------+-------+-------++-------
Melee: Hand axe          |    92 |    68 ||   160
       Punch             |     1 |     4 ||     5
       War axe           |       |    30 ||    30
Invok: Berserk           |     2 |     1 ||     3
Armor: Animal skin       |    10 |       ||    10
       Ring mail         |     6 |    38 ||    44
Dodge: Dodged            |    69 |    55 ||   124

Table legend: (Time is in decaauts)
 A = Elapsed time spent in this place.
 B = Non-inter-level travel time spent in this place.
 C = Inter-level travel time spent in this place.
 D = Time resting spent in this place.
 E = Time spent auto-exploring this place.
 F = Levels seen in this place.
 G = Mean time per level.
                   A        B        C        D        E       F      G
               +--------+--------+--------+--------+--------+-----+--------+
         Total |   2187 |   2107 |     80 |    238 |   1441 |   3 |  729.0 |
       Dungeon |   2187 |   2107 |     80 |    238 |   1441 |   3 |  729.0 |
               +--------+--------+--------+--------+--------+-----+--------+

Top non-repeatable levels by time:
     D:1: 1165 daAuts
     D:2: 609 daAuts
     D:3: 412 daAuts
